 Dungeon Crawl Stone Soup version 0.28.0-47-ge53b351184 (webtiles) character file.

Game seed: 5737488937198354370

31531 RatsInWalls the Destroyer (level 13, -1/80 HPs)
             Began as a Kobold Hedge Wizard on May 8, 2022.
             Was a High Priest of Sif Muna.
             Killed from afar by a lindwurm (39 damage)
             ... with a blast of flame
             ... on level 5 of the Lair of Beasts on May 9, 2022.
             The game lasted 01:02:23 (20779 turns).

RatsInWalls the Destroyer (Kobold Hedge Wizard)    Turns: 20779, Time: 01:02:23

Health: -1/80      AC:  9    Str:  8    XL:     13   Next: 97%
Magic:  6/26       EV: 26    Int: 25    God:    Sif Muna [*****.]
Gold:   896        SH:  0    Dex: 20    Spells: 13/30 levels left

rFire   . . .      SeeInvis +   m - +9 dagger of Absolution {spect, Dex+4 Stlth+}
rCold   . . .      Faith    .   (no shield)
rNeg    + . .      Spirit   .   v - +0 steam dragon scales
rPois   .          Reflect  .   C - +2 hat of Amelioration {rN+ Will+ Int+6 Dex-2}
rElec   .          Harm     .   (no cloak)
rCorr   .          Rampage  .   (no gloves)
Will    +....                   w - +1 pair of boots of Greed {Dex+3}
Stlth   ++++++....              n - amulet of regeneration
HPRegen 1.03/turn               i - +4 ring of evasion
MPRegen 0.20/turn               r - ring of see invisible

@: freezing walls
A: small, no large weapons, nightstalker 3
a: Renounce Religion, Channel Magic, Forget Spell, Divine Exegesis


You were on level 5 of the Lair of Beasts.
You worshipped Sif Muna.
Sif Muna was extremely pleased with you.
You visited 3 branches of the dungeon, and saw 16 of its levels.
You also visited: Ossuary.

You collected 1169 gold pieces.
You spent 273 gold pieces at shops.

Inventory:

Hand Weapons
 c - a +1 demon whip of draining
 m - the +9 dagger of Absolution (weapon) {spect, Dex+4 Stlth+}
   (You found it on level 3 of the Dungeon)

   When its wielder attacks, the weapon's spirit leaps out and strikes again.
   The spirit shares a part of any damage it takes with its wielder.
   Dex:       It affects your dexterity (+4).
   Stlth:     It makes you more stealthy.
Missiles
 k - 34 poisoned darts
Armour
 q - an orb of guile
 v - +0 steam dragon scales (worn)
 w - the +1 pair of boots of Greed (worn) {Dex+3}
   (You bought it in a shop on level 6 of the Dungeon)

   Dex:       It affects your dexterity (+3).
 C - the +2 hat of Amelioration (worn) {rN+ Will+ Int+6 Dex-2}
   (You found it on level 4 of the Lair of Beasts)

   Int:       It affects your intelligence (+6).
   Dex:       It affects your dexterity (-2).
   rN:        It protects you from negative energy.
   Will:      It increases your willpower.
Magical Staves
 D - a staff of conjuration
Jewellery
 i - a +4 ring of evasion (left hand)
 n - an amulet of regeneration (around neck)
 r - a ring of see invisible (right hand)
 E - a ring of magical power
Wands
 a - a wand of flame (4)
 p - a wand of mindburst (8)
 y - a wand of polymorph (10)
 I - a wand of paralysis (5)
Scrolls
 d - 4 scrolls of enchant armour
 g - 6 scrolls of teleportation
 j - 2 scrolls of fog
 x - 2 scrolls of fear
 z - 2 scrolls of identify
 B - a scroll of torment
 H - 2 scrolls of enchant weapon
 K - 2 scrolls of amnesia
Potions
 b - 2 potions of cancellation {unknown}
 e - 4 potions of curing
 f - 3 potions of attraction
 h - 2 potions of flight
 l - 2 potions of brilliance
 o - 4 potions of haste
 s - 2 potions of might
 t - 2 potions of lignification
 u - a potion of resistance
 A - 2 potions of berserk rage
 F - 2 potions of ambrosia {unknown}
Miscellaneous
 G - a lightning rod (4/4)


   Skills:
 + Level 9.1 Fighting
 + Level 10.4 Dodging
 - Level 9.1 Stealth
 + Level 9.3 Spellcasting
 * Level 11.7 Conjurations
 + Level 6.1 Summonings
 - Level 1.0 Translocations
 + Level 8.8 Ice Magic
 + Level 6.7 Evocations


You had 13 spell levels left.
You knew the following spells:

 Your Spells              Type           Power      Damage    Failure   Level
a - Magic Dart            Conj           100%       1d8       1%          1
b - Hailstorm             Conj/Ice       58%        3d13      1%          4
c - Slow                  Hex            44%        N/A       5%          1
d - Frozen Ramparts       Ice            100%       1d12      1%          3
e - Conjure Flame         Conj/Fire      40%        6-21      1%          3
f - Freezing Cloud        Conj/Ice/Air   22%        6-21      9%          5

Your spell library contained the following spells:

 Spells                   Type           Power      Damage    Failure   Level
 Freeze                   Ice            100%       1d11      1%          1
 Summon Small Mammal      Summ           100%       N/A       1%          1
 Call Imp                 Summ           42%        N/A       1%          2
 Stone Arrow              Conj/Erth      80%        3d12      1%          3
 Apportation              Tloc           32%        N/A       3%          1
 Mephitic Cloud           Conj/Pois/Air  31%        N/A       3%          3
 Animate Skeleton         Necr           22%        N/A       5%          1
 Beastly Appendage        Tmut           22%        N/A       5%          1
 Sandblast                Erth           22%        2d7       5%          1
 Sting                    Tmut/Pois      44%        1d5       5%          1
 Blink                    Tloc           32%        N/A       5%          2
 Corpse Rot               Necr/Air       22%        N/A       8%          2
 Passwall                 Tmut/Erth      9%         N/A       8%          2
 Poisonous Vapours        Pois/Air       22%        N/A       8%          2
 Confusing Touch          Hex            11%        N/A       16%         3
 Ignite Poison            Fire/Tmut/Pois 11%        N/A       16%         3
 Spider Form              Tmut/Pois      11%        N/A       16%         3
 Vampiric Draining        Necr           11%        2d6       16%         3
 Olgreb's Toxic Radiance  Pois           11%        N/A       45%         4
 Death Channel            Necr           5%         N/A       100%        6
 Haunt                    Necr/Summ      13%        N/A       100%        7
 Storm Form               Tmut/Air       5%         N/A       100%        7


Dungeon Overview and Level Annotations

Branches:
Dungeon (10/15)            Temple (1/1) D:6            Lair (5/6) D:9
 Shoals (0/4) Lair:3        Snake (0/4) Lair:2      Ossuary (visited)
  Slime: Lair:5-6       Orc: D:9-12

Altars:
Ashenzari
Cheibriados
Dithmenos
Elyvilon
Fedhas
Gozag
Hepliaklqana
Kikubaaqudgha
Makhleb
Nemelex Xobeh
Okawaru
Qazlal
Ru
Sif Muna
Trog
Uskayaw
Vehumet
Wu Jian
Xom
Yredelemnul
Zin
The Shining One

Shops:
D:1 [   D:6 [

Annotations:
D:4 Natasha
D:5 1 runed translucent door, Crazy Yiuf
Lair:4 6 runed translucent doors, exclusion: oklob plant


Innate Abilities, Weirdness & Mutations

You are small and have problems with some larger weapons.
You are completely attuned to the shadows.


Message History

The walls around you are covered in ice.
The wall freezes the torpor snail.
Unknown command.
You hit the torpor snail but do no damage.
The torpor snail is severely wounded.
The wall freezes the torpor snail!!
You kill the torpor snail!
Sif Muna accepts your kill.
Unknown command.
Casting: Frozen Ramparts (safe; 1% risk of failure)
Confirm with . or Enter, or press ? or * to list all spells.
You can't see any susceptible monsters within range! (Use Z to cast anyway.)
Your frozen ramparts will break if you move.
Continue?
The frozen ramparts melt away as you move.
You feel yourself speed up.
You see here a torpor snail corpse.
Casting: Frozen Ramparts (safe; 1% risk of failure)
Confirm with . or Enter, or press ? or * to list all spells.
You can't see any susceptible monsters within range! (Use Z to cast anyway.)
Casting: Hailstorm (mildly dangerous; 1% risk of failure)
Press: ? - help, Q - select action, (/) - cycle Dir - look around, f - activate
Okay, then.
Casting: Hailstorm (mildly dangerous; 1% risk of failure)
Confirm with . or Enter, or press ? or * to list all spells.
Casting: Frozen Ramparts (safe; 1% risk of failure)
Press: ? - help, Dir - look around, f - activate The walls around you are covered in ice.
Unknown command.
You start resting.
A lindwurm is nearby!
You hit the lindwurm but do no damage.
The lindwurm is heavily wounded.
The wall freezes the lindwurm.
The lindwurm misses you. The lindwurm completely misses you.
The lindwurm misses you.
You hit the lindwurm.
The lindwurm is severely wounded.
The wall freezes the lindwurm!
The lindwurm breathes flames at you. The blast of flame hits you!!!
You die...

.#..##[.##..#...
.##.##..###.##....
##..#..##..##..#... .#
...#....##....#... ##..
#.#.#........#...#
...#.##.#.#..#####....##
#...#..#.#.#.###.###...#
#...#.#k#.#.##....###.÷
#...#@#.##.#..P....###
≈≈##..#.#.#..##........#
.≈≈##....#....#..##.....
Y!≈≈##)○.#k.#.##...##...
...≈≈####†#....#...#....
≈≈.k†y.#.†.....#........
≈≈≈≈≈kwy......##........
##################PP#.P#
#######


You could see a lindwurm (catching breath).

Vanquished Creatures
  2 hydras
  A catoblepas (Lair:3)
  A two-headed ogre (D:8)
  Pikel (D:7)
  A wolf spider (Lair:4)
  3 elephants (Lair:3)
  5 black mambas
  A torpor snail (Lair:5)
  11 cane toads
  An unseen horror (D:6)
  3 komodo dragons
  4 rime drakes
  A meliai (Lair:5)
  A queen bee (Lair:5)
  A polar bear (Lair:5)
  11 blink frogs
  2 jumping spiders (Lair:4)
  A wraith (D:9)
  6 basilisks
  6 wyverns
  41 yaks
  3 steam dragons
  A redback (Lair:4)
  Menkaure (D:7)
  4 nagas (Lair:2)
  2 wargs (D:9)
  An acid dragon (D:9)
  15 water moccasins
  3 orc warriors
  3 ice beasts
  A black bear (D:5)
  2 sky beasts
  7 centaurs
  An ogre (D:6)
  4 wolves (Lair:2)
  A necrophage (D:7)
  2 phantoms
  A lemure (D:7)
  3 kobold brigands
  A scorpion (D:4)
  An elf zombie (Ossuary)
  11 bullfrogs
  A gnoll sergeant (D:7)
  A wyvern skeleton (D:7)
  21 killer bees (Lair:5)
  8 wights
  3 electric eels
  2 howler monkeys
  A crimson imp (D:8)
  A lava snake (D:10)
  A centaur skeleton (D:5)
  2 centaur zombies
  8 orc priests
  A jelly (D:7)
  Ijyb (D:3)
  Terence (D:2)
  Jessica (D:2)
  2 bullfrog skeletons
  2 iguanas
  Natasha (twice) (D:4)
  11 orc wizards
  A hell rat (Lair:5)
  2 mummies (Ossuary)
  A howler monkey zombie (D:6)
  Robin (D:2)
  4 gnolls (D:7)
  4 adders
  A shadow imp (D:5)
  4 white imps
  An ufetubus (D:7)
  4 worms
  2 dart slugs
  37 orcs
  5 ball pythons
  4 endoplasms
  7 giant cockroaches
  14 goblins
  11 hobgoblins
  7 jackals
  18 kobolds
  6 quokkas
  7 bats
  3 frilled lizards
  4 gnoll zombies (Ossuary)
  4 goblin zombies (Ossuary)
  3 hobgoblin zombies (Ossuary)
  An orc zombie (Ossuary)
  4 rats (D:1)
402 creatures vanquished.

Vanquished Creatures (collateral kills)
  2 polar bears (Lair:5)
  A blink frog (Lair:5)
  A killer bee (Lair:5)
4 creatures vanquished.

Vanquished Creatures (others)
  A killer bee (Lair:5)
  25 fungi
  118 plants
144 creatures vanquished.

Grand Total: 550 creatures vanquished

Notes
Turn   | Place    | Note
-------+----------+-------------------------------------------
     0 | D:1      | RatsInWalls the Kobold Hedge Wizard began the quest for the
                  | Orb.
     0 | D:1      | Reached XP level 1. HP: 10/10 MP: 4/4
   478 | D:1      | Reached XP level 2. HP: 12/15 MP: 0/6
   974 | D:1      | Found Miwaqeila's Armour Shoppe.
  1003 | D:1      | Reached skill level 1 in Fighting
  1003 | D:1      | Reached XP level 3. HP: 15/20 MP: 0/7
  2112 | D:2      | Noticed Terence
  2117 | D:2      | Killed Terence
  2118 | D:2      | Reached XP level 4. HP: 25/25 MP: 5/9
  2154 | D:2      | Noticed Jessica
  2286 | D:2      | Killed Jessica
  2617 | D:2      | Noticed Robin
  2633 | D:2      | Reached XP level 5. HP: 26/29 MP: 10/10
  2640 | D:2      | Killed Robin
  3001 | D:2      | Reached skill level 2 in Conjurations
  3322 | D:2      | Noticed an ogre
  3995 | D:3      | Identified the +9 dagger of Absolution {spect, Dex+4
                  | Stlth+}
  4043 | D:3      | Noticed Ijyb
  4054 | D:3      | Killed Ijyb
  4303 | D:3      | Reached XP level 6. HP: 35/35 MP: 12/12
  5647 | D:4      | Noticed Natasha
  5890 | D:4      | Killed Natasha
  5891 | D:4      | Reached skill level 3 in Conjurations
  6062 | D:4      | Found a sand-covered staircase.
  6068 | Ossuary  | Entered an ossuary
  6093 | Ossuary  | Reached XP level 7. HP: 40/40 MP: 8/13
  6332 | D:4      | Noticed Natasha
  6335 | D:4      | Killed Natasha
  6684 | D:4      | Noticed Natasha
  6763 | D:5      | Entered Level 5 of the Dungeon
  6838 | D:5      | Noticed a wyvern
  6955 | D:5      | Reached skill level 5 in Stealth
  7006 | D:5      | Reached skill level 4 in Conjurations
  7006 | D:5      | Reached XP level 8. HP: 46/46 MP: 8/15
  7068 | D:5      | Killed a wyvern
  7219 | D:5      | Reached skill level 5 in Spellcasting
  7502 | D:5      | Found a runed translucent door.
  7505 | D:5      | Noticed Crazy Yiuf
  7950 | D:6      | Reached skill level 5 in Dodging
  7997 | D:6      | Reached skill level 5 in Conjurations
  8087 | D:6      | Reached XP level 9. HP: 32/52 MP: 12/16
  8442 | D:6      | Found Ruf Laje's Armour Shop.
  8448 | D:6      | Bought the +1 pair of boots of Greed {Dex+3} for 273 gold
                  | pieces
  8583 | D:6      | Found a staircase to the Ecumenical Temple.
  8592 | Temple   | Entered the Ecumenical Temple
  9109 | Temple   | Became a worshipper of Sif Muna the Loreminder
  9297 | D:6      | Killed an unseen horror
  9345 | D:7      | Reached skill level 6 in Conjurations
  9463 | D:7      | Found an opulent altar of Gozag.
  9464 | D:7      | Found an ancient bone altar of Kikubaaqudgha.
  9594 | D:7      | Noticed Menkaure
  9597 | D:7      | Killed Menkaure
  9598 | D:7      | Reached skill level 5 in Fighting
  9686 | D:7      | Noticed Pikel
  9697 | D:7      | Killed Pikel
  9698 | D:7      | Reached XP level 10. HP: 50/59 MP: 17/19
 10074 | D:7      | Reached skill level 5 in Summonings
 10249 | D:7      | Reached skill level 7 in Conjurations
 10626 | D:7      | Learned a level 4 spell: Hailstorm
 10657 | D:8      | Reached * piety under Sif Muna
 10852 | D:8      | Reached skill level 1 in Ice Magic
 11047 | D:8      | Noticed a two-headed ogre
 11052 | D:8      | Killed a two-headed ogre
 12072 | D:9      | Learned a level 1 spell: Slow
 12173 | D:9      | Reached ** piety under Sif Muna
 12243 | D:9      | Reached skill level 8 in Conjurations
 12269 | D:9      | Found a staircase to the Lair.
 12515 | D:9      | Reached XP level 11. HP: 61/65 MP: 0/21
 13159 | D:10     | Entered Level 10 of the Dungeon
 13333 | Lair:1   | Entered Level 1 of the Lair of Beasts
 13458 | Lair:1   | Reached skill level 1 in Evocations
 13493 | Lair:1   | Learned a level 3 spell: Frozen Ramparts
 13908 | Lair:1   | Reached skill level 5 in Ice Magic
 13933 | Lair:1   | Reached *** piety under Sif Muna
 14542 | Lair:1   | Reached skill level 9 in Conjurations
 14859 | Lair:2   | Reached XP level 12. HP: 72/72 MP: 15/23
 14867 | Lair:2   | Learned a level 3 spell: Conjure Flame
 15192 | Lair:2   | Found a staircase to the Snake Pit.
 15420 | Lair:2   | Noticed a four-headed hydra
 15432 | Lair:2   | Killed a four-headed hydra
 15880 | Lair:2   | Reached **** piety under Sif Muna
 15883 | Lair:2   | Reached skill level 10 in Conjurations
 16331 | Lair:3   | Found a staircase to the Shoals.
 16722 | Lair:3   | Noticed an eight-headed hydra
 16730 | Lair:3   | Killed an eight-headed hydra
 16731 | Lair:3   | Reached skill level 5 in Evocations
 16737 | Lair:3   | Reached XP level 13. HP: 66/78 MP: 14/25
 16841 | Lair:3   | Noticed a catoblepas
 16849 | Lair:3   | Killed a catoblepas
 18143 | Lair:4   | Found a gate leading to a gauntlet.
 18238 | Lair:4   | Reached skill level 11 in Conjurations
 18474 | Lair:4   | Reached skill level 10 in Dodging
 18630 | Lair:4   | Found a runed translucent door.
 19080 | Lair:4   | Learned a level 5 spell: Freezing Cloud
 19550 | Lair:4   | Found a runed translucent gate.
 19550 | Lair:4   | Found a runed translucent gate.
 19550 | Lair:4   | Found a runed translucent gate.
 19555 | Lair:4   | Found a runed translucent gate.
 19555 | Lair:4   | Found a runed translucent gate.
 19555 | Lair:4   | Found a runed translucent gate.
 19555 | Lair:4   | Noticed a boulder beetle
 19555 | Lair:4   | Noticed a boulder beetle
 19555 | Lair:4   | Noticed a boulder beetle
 19575 | Lair:4   | Identified the +2 hat of Amelioration {rN+ Will+ Int+6
                  | Dex-2}
 20015 | Lair:5   | Reached ***** piety under Sif Muna
 20123 | Lair:5   | Received a gift from Sif Muna
 20125 | Lair:5   | Got Sif Muna's Collected Works on Evil Moulding {god gift}
 20779 | Lair:5   | Killed from afar by a lindwurm

Illustrated notes

Levels and vault maps discovered:
D:1:      minmay_arrival_arboretum_small, layout_loops_ring, serial_shops,
          nicolae_shop_window_shopping, nicolae_wormholes
D:2:      layout_basic, uniq_robin, uniq_jessica, uniq_terence
D:3:      layout_loops_corners, grunt_ministairs_1, hangedman_feature_mirror,
          minmay_hedge_maze, uniq_ijyb
D:4:      layout_basic, nicolae_ossuary_entry_ruins, uniq_natasha
D:5:      layout_basic, uniq_crazy_yiuf_cottage
D:6:      layout_loops_ring, minmay_temple_entry_overgrown, serial_shops,
          nicolae_square_shop, grunt_ministairs_14
D:7:      layout_gridville, gammafunk_temple_overflow_statue, uniq_menkaure,
          uniq_pikel
D:8:      layout_loops_corners, enter_bailey_5, minmay_fire_ice_demons
D:9:      layout_cave_pools, erik_lair_orcish_takeover, library_closet
D:10:     erik_rubicon_a, layout_irregular_city, uniq_urug
Temple:   mainiacjoe_temple_big_plus
Lair:1:   layout_cave_pods, grunt_megastairs_5
Lair:2:   layout_cave_shapes, guppyfry_snake_entry_island,
          nicolae_lair_lil_pond, infiniplex_staircase_pool
Lair:3:   layout_cave_pods, minmay_shoals_entry_centaurs,
          nicolae_quartered_pool_medium
Lair:4:   gammafunk_indiana_jones, layout_cellular_growth,
          gauntlet_entry_generic, kennysheep_basilisk_garden,
          infiniplex_staircase_pool_2
Lair:5:   regret_index_wax_grids, layout_cave_pods, serial_bayou,
          serial_bayou_pond_e, serial_bayou_shore_b, serial_bayou_lagoon_a,
          serial_bayou_pond_d, serial_bayou_shore_b, serial_bayou_pond_a,
          bh_autumn_forest_stairs, columned_hall_lemuel, minivault_19,
          cheibrodos_lair_lostbears

Skill      XL: |  1  2  3  4  5  6  7  8  9 10 11 12 13 |
---------------+----------------------------------------+-----
Stealth        | 3 4 5 6 7 8 9 |  9.1
Fighting       | 1 2 3 4 5 6 7 8 9 |  9.1
Dodging        | 3 4 5 6 7 8 9 10 | 10.4
Summonings     | 2 3 4 5 6 |  6.1
Conjurations   | 2 3 4 5 6 8 9 10 11 | 11.7
Spellcasting   | 4 5 6 7 8 9 |  9.3
Ice Magic      | 3 5 7 8 |  8.8
Evocations     | 3 5 6 |  6.7
Translocations | |  1.0

Action                   |  1- 3 |  4- 6 |  7- 9 | 10-12 | 13-15 || total
-------------------------+-------+-------+-------+-------+-------++-------
Melee: Dagger            |     7 |    52 |   135 |   320 |   155 ||   669
       Short sword       |    26 |    56 |       |       |       ||    82
       Punch             |     1 |       |     1 |     3 |     2 ||     7
       Staff             |       |       |       |    17 |       ||    17
 Cast: Magic Dart        |    84 |   119 |    75 |    58 |       ||   336
       Hailstorm         |       |       |       |    86 |    54 ||   140
       Slow              |       |       |       |     8 |       ||     8
       Frozen Ramparts   |       |       |       |    12 |    10 ||    22
       Conjure Flame     |       |       |       |     4 |       ||     4
       Freezing Cloud    |       |       |       |       |     7 ||     7
  Use: Scroll            |       |     5 |       |     6 |    11 ||    22
       Potion            |       |     1 |     1 |     5 |     1 ||     8
 Stab: Distracted        |       |     1 |     4 |     7 |     1 ||    13
       Sleeping          |       |       |    13 |    12 |    12 ||    37
Armor: Robe              |     3 |    21 |    19 |     8 |       ||    51
       Steam dragon scal |       |       |       |    32 |    32 ||    64
Dodge: Dodged            |    31 |   102 |    83 |   360 |   230 ||   806
